 Dungeon Sprint DCSS version 0.20-b1-18-gaa2fd62 (webtiles) character file.

28593 potatolord6000 the Tortoise (level 13, -3/136 HPs)
             Began as a Deep Dwarf Fighter on May 25, 2017.
             Was an Initiate of Gozag.
             Slain by an entropy weaver (4 damage)
             ... in the Dungeon (Sprint IX: "|||||||||||||||||||||||||||||").
             The game lasted 00:11:25 (1735 turns).

potatolord6000 the Tortoise (Deep Dwarf Fighter)    Turns: 1735, Time: 00:11:26

Health: -3/136     AC: -1    Str: 33    XL:     13   Next: 10%
Magic:  20/20      EV: 19    Int: 11    God:    Gozag
Gold:   2          SH:  0    Dex: 10    Spells: 38/38 levels left

rFire    . . .     SeeInvis .   v - +0 executioner's axe
rCold    . . .     Gourm    .   (shield currently unavailable)
rNeg     + . .     Faith    .   x - +5 ring mail of Rotation {Str+4}
rPois    +         Spirit   .   a - +0 helmet
rElec    .         Reflect  .   n - +0 cloak
rCorr    .         Harm     .   d - +1 pair of gloves
MR       +....     Clarity  +   o - +1 pair of boots {Fly} Stlth ..........NoTele +
                                (no amulet)
Regen    0.0/turn               y - +4 ring of strength
MPRegen  0.2/turn               g - ring of Rufouco {rN+ Int+2 Slay+6 Stlth-}

@: corroded, gold aura, flying, non-regenerating, hasted, very quick
A: damage resistance, heal wounds, hooves 1, clarity, clumsy 1, sense
surroundings 2, poison resistance, no regeneration
a: Heal Wounds, Potion Petition, Call Merchant, Bribe Branch, Renounce Religion,
Stop Flying


You were in the Dungeon.
You worshipped Gozag.
Gozag was noncommittal.
You were very full.

You visited 1 branch You collected 11803 gold pieces.
You spent 2221 gold pieces at shops.
You paid 9580 gold pieces to Gozag.

Inventory:

Hand Weapons
 v - a +0 executioner's axe (weapon)
Armour
 a - a +0 helmet (worn)
 d - a +1 pair of gloves (worn)
 n - a +0 cloak (worn)
 o - a +1 pair of boots of flying (worn)
 x - the +5 ring mail of Rotation (worn) {Str+4}
   (You bought it in a shop in the Dungeon)

   It affects your strength (+4).
Jewellery
 g - the ring of Rufouco (right hand) {rN+ Int+2 Slay+6 Stlth-}
   (You bought it in a shop in the Dungeon)

   [ring of loudness]

   It affects your intelligence (+2).
   It affects your accuracy and damage with ranged weapons and melee attacks
   (+6).
   It protects you from negative energy.
   It makes you less stealthy.
 y - a +4 ring of strength (left hand)
Scrolls
 h - 8 scrolls of remove curse
 k - 2 scrolls of blinking
 l - 2 scrolls of amnesia
 m - 5 scrolls of fog
 q - 2 scrolls of identify
 r - a scroll of recharging
Potions
 c - a potion of invisibility
 e - 6 potions of curing
 f - 2 potions of haste
 i - 4 potions of magic
 j - 2 potions of berserk rage
 w - a potion of agility
 z - a potion of flight {unknown}
Comestibles
 s - 40 fruits
 t - 12 bread rations
 u - 10 meat rations


   Skills:
 + Level 14.5 Fighting
 + Level 16.7 Axes
 + Level 16.9 Armour
 + Level 16.5 Dodging
   Level 3.2 Shields
 + Level 13.2 Spellcasting


You had 38 spell levels left.
You didn't know any spells.

Dungeon Overview and Level Annotations

Branches:
Dungeon (1/1)

Altars:
Cheibriados
Dithmenos
Elyvilon
Fedhas
Gozag
Hepliaklqana
Kikubaaqudgha
Makhleb
Nemelex Xobeh
Okawaru
Qazlal
Ru
Sif Muna
Trog
Uskayaw
Vehumet
Xom
Yredelemnul
Zin
The Shining One
Beogh
Jiyva
Lugonu

Shops:
D ((([(:*(?[==


Innate Abilities, Weirdness & Mutations

You are resistant to damage.
You can heal yourself by infusing magical energy.
You passively map the area around you.
You do not regenerate.
You have large cloven feet.
You possess an exceptional clarity of mind.
You are clumsy. (Dex -2)
Your system is resistant to poisons. (rPois)


Message History

You barely miss the entropy weaver.
The entropy weaver is almost dead.
The entropy weaver hits you!
* * * LOW HITPOINT WARNING * * *
The entropy weaver completely misses you.
The entropy weaver misses you. The entropy weaver hits you!
* * * LOW HITPOINT WARNING * * *
You feel much better. The entropy weaver hits you!
* * * LOW HITPOINT WARNING * * *
The entropy weaver hits you. The entropy weaver hits you!
* * * LOW HITPOINT WARNING * * *
The entropy weaver hits you!
* * * LOW HITPOINT WARNING * * *
You hit the entropy weaver but do no damage.
The entropy weaver is almost dead.
The entropy weaver barely misses you. The entropy weaver hits you!
* * * LOW HITPOINT WARNING * * *
The entropy weaver hits you.
You die...
Your body crumbles into a pile of gold.

_▓.▓.▓.▓)▓.▓.▓.▓ *
* , *
_▓.▓'▓.▓)▓.▓[▓.▓.▓
,* ,
_▓.▓.▓.▓.▓.▓[▓.▓.▓
,* *
_▓.▓.▓.▓)▓.▓[▓.▓s▓
* , *
_▓.▓.▓.▓)▓.▓[▓.▓s▓
, * , *
_▓.▓.▓.▓'▓.▓[▓.▓s▓
, , ,*, *
_▓.▓.▓.▓.▓.▓[▓.▓s▓
,
_▓.▓∩▓.▓.▓.▓[▓.▓a▓
* ,
_▓.▓.▓.▓.▓.▓[▓.▓@▓
*,* ,* *
_▓.▓.▓.▓.▓.▓.▓.▓$▓,
, , , *
_▓.▓.▓.▓∩▓.▓)▓.▓.▓
* *
_▓.▓'▓.▓(▓.▓)▓.▓∩▓
, , ,
_▓.▓.▓.▓)▓.▓)▓.▓.▓
* *,
_▓.▓.▓.▓.▓.▓)▓.▓.▓,
*,* ,
_▓.▓.▓.▓[▓.▓)▓.▓[▓
*,*,* * ,
_▓.▓.▓.▓)▓.▓)▓.▓)▓
* *
'▓.▓.▓.▓[▓.▓)▓.▓(▓
* *


You could see an emperor scorpion, an entropy weaver, a demonic crawler and 2
tarantellas.

Vanquished Creatures
  A fire giant (D)
  An emperor scorpion (D)
  A very ugly thing (D)
  A spark wasp (D)
  Josephine (D)
  A great orb of eyes (D)
  Erolcha (D)
  A hydra (D)
  An anaconda (D)
  A centaur warrior (D)
  3 ogre magi (D)
  7 two-headed ogres (D)
  A naga sharpshooter (D)
  An orc high priest (D)
  A salamander mystic (D)
  A glowing orange brain (D)
  3 orc knights (D)
  A wizard (D)
  A mana viper (D)
  An orc sorcerer (D)
  A deep elf mage (D)
  A guardian serpent (D)
  3 black mambas (D)
  3 spiny frogs (D)
  2 jumping spiders (D)
  A troll (D)
  A polar bear (D)
  A troll (shapeshifter) (D)
  2 hippogriffs (D)
  A redback (D)
  4 yaks (D)
  4 wraiths (D)
  Grum (D)
  A hungry ghost (D)
  A steam dragon (D)
  A naga (D)
  2 water moccasins (D)
  4 porcupines (D)
  8 orc warriors (D)
  7 black bears (D)
  A necrophage (D)
  6 ogres (D)
  3 wolves (D)
  A centaur (D)
  5 crocodiles (D)
  A killer bee (D)
  A crimson imp (D)
  A jelly (D)
  3 orc wizards (D)
  3 orc priests (D)
  A hound (D)
  A worker ant (D)
  An adder (D)
  A leopard gecko (D)
  9 orcs (D)
  A jackal (D)
  A frilled lizard (D)
  A jackal zombie (D)
  4 rats (D)
124 creatures vanquished.

Notes
Turn   | Place    | Note
-------+----------+-------------------------------------------
     0 | D        | potatolord6000 the Deep Dwarf Fighter began the quest for the Orb.
     0 | D        | Reached XP level 1. HP: 20/20 MP: 1/1
    18 | D        | Reached skill level 1 in Dodging
    32 | D        | Noticed a crimson imp
    32 | D        | Noticed a necrophage
    32 | D        | Noticed a worker ant
    38 | D        | Killed a worker ant
    38 | D        | Reached skill level 1 in Spellcasting
    38 | D        | Reached XP level 2. HP: 28/30 MP: 2/4
    44 | D        | Reached XP level 3. HP: 31/36 MP: 2/5
    51 | D        | Killed a necrophage
    51 | D        | Reached skill level 5 in Axes
    51 | D        | Reached skill level 5 in Armour
    51 | D        | Reached XP level 4. HP: 36/45 MP: 3/8
    61 | D        | Reached skill level 5 in Fighting
    61 | D        | Reached XP level 5. HP: 41/52 MP: 3/10
    69 | D        | Found a roughly hewn altar of Beogh.
    69 | D        | Found a snail-covered altar of Cheibriados.
    69 | D        | Found a shadowy altar of Dithmenos.
    69 | D        | Found a white marble altar of Elyvilon.
    69 | D        | Found a blossoming altar of Fedhas.
    69 | D        | Found an opulent altar of Gozag.
    70 | D        | Found a hazy altar of Hepliaklqana.
    71 | D        | Found a viscous altar of Jiyva.
    72 | D        | Found an ancient bone altar of Kikubaaqudgha.
    73 | D        | Found a corrupted altar of Lugonu.
    74 | D        | Found a burning altar of Makhleb.
    75 | D        | Found a sparkling altar of Nemelex Xobeh.
    76 | D        | Found an iron altar of Okawaru.
    77 | D        | Became a worshipper of Gozag Ym Sagoz the Greedy
    78 | D        | Found a stormy altar of Qazlal.
    79 | D        | Found a sacrificial altar of Ru.
    80 | D        | Found a deep blue altar of Sif Muna.
    81 | D        | Found a bloodstained altar of Trog.
    82 | D        | Found a hide-covered altar of Uskayaw.
    83 | D        | Found a radiant altar of Vehumet.
    85 | D        | Found a shimmering altar of Xom.
    86 | D        | Found a basalt altar of Yredelemnul.
    87 | D        | Found a glowing silver altar of Zin.
    88 | D        | Found a glowing golden altar of the Shining One.
   146 | D        | Noticed a yak
   155 | D        | Killed a yak
   155 | D        | Reached XP level 6. HP: 49/62 MP: 10/12
   173 | D        | Noticed a yak
   173 | D        | Noticed a steam dragon
   173 | D        | Noticed a two-headed ogre
   173 | D        | Noticed a hungry ghost
   178 | D        | Killed a hungry ghost
   178 | D        | Reached skill level 5 in Spellcasting
   183 | D        | Killed a two-headed ogre
   183 | D        | Reached XP level 7. HP: 30/74 MP: 13/16
   183 | D        | Reached XP level 8. HP: 33/81 MP: 13/17
   197 | D        | Reached skill level 10 in Armour
   291 | D        | Bought a +0 battleaxe of venom for 156 gold pieces
   337 | D        | Gained mutation: You are clumsy. (Dex -2) [potion of mutation]
   337 | D        | Gained mutation: You possess an exceptional clarity of mind. [potion of mutation]
   337 | D        | Gained mutation: Your system is resistant to poisons. (rPois) [potion of mutation]
   337 | D        | Gained mutation: You have large cloven feet. [potion of mutation]
   347 | D        | Noticed a hippogriff
   347 | D        | Noticed a spiny frog
   349 | D        | Killed a spiny frog
   349 | D        | Reached skill level 10 in Axes
   353 | D        | Killed a hippogriff
   353 | D        | Gained mutation: You passively map the area around you. [Deep Dwarf growth]
   353 | D        | Reached XP level 9. HP: 84/91 MP: 17/19
   357 | D        | Reached skill level 10 in Dodging
   416 | D        | Noticed a five-headed hydra
   416 | D        | Noticed a spiny frog
   416 | D        | Noticed a spiny frog
   438 | D        | Killed an 11-headed hydra
   453 | D        | Killed a spiny frog
   453 | D        | Reached skill level 10 in Fighting
   462 | D        | Killed a spiny frog
   462 | D        | Reached XP level 10. HP: 43/102 MP: 20/20
   623 | D        | Noticed Grum
   635 | D        | Killed Grum
   732 | D        | Noticed an orc knight
   747 | D        | Killed an orc knight
   815 | D        | Bought the +5 ring mail of Rotation {Str+4} for 666 gold pieces
   831 | D        | Noticed an orc sorcerer
   831 | D        | Noticed an orc knight
   845 | D        | Killed an orc knight
   845 | D        | Reached skill level 10 in Spellcasting
   850 | D        | Killed an orc sorcerer
   860 | D        | Noticed an orc knight
   867 | D        | Reached XP level 11. HP: 45/111 MP: 21/21
   874 | D        | Noticed an orc high priest
   890 | D        | Killed an orc knight
   899 | D        | Killed an orc high priest
   955 | D        | Found Gus Nac's Magic Scroll Boutique.
   955 | D        | Noticed a two-headed ogre
   955 | D        | Noticed an ogre mage
   956 | D        | Noticed a two-headed ogre
   959 | D        | Noticed a two-headed ogre
   965 | D        | Killed an ogre mage
   969 | D        | Killed a two-headed ogre
   974 | D        | Killed a two-headed ogre
   978 | D        | Killed a two-headed ogre
   985 | D        | Found Ginublabiw's Weapon Shop.
   989 | D        | Found Nopp's General Store.
   991 | D        | Noticed a two-headed ogre
   992 | D        | Found Paamyxza's Book Shop.
   993 | D        | Noticed an ogre mage
   998 | D        | Noticed a two-headed ogre
  1000 | D        | Noticed a two-headed ogre
  1001 | D        | Killed a two-headed ogre
  1006 | D        | Killed an ogre mage
  1017 | D        | Killed a two-headed ogre
  1023 | D        | Killed a two-headed ogre
  1083 | D        | Bought a +1 pair of boots of flying for 198 gold pieces
  1120 | D        | Noticed Josephine
  1148 | D        | Killed Josephine
  1148 | D        | Reached skill level 15 in Armour
  1148 | D        | Reached XP level 12. HP: 103/123 MP: 21/21
  1187 | D        | Noticed Erolcha
  1199 | D        | Killed Erolcha
  1199 | D        | Reached skill level 15 in Axes
  1333 | D        | Noticed a centaur warrior
  1333 | D        | Noticed an ogre mage
  1341 | D        | Killed an ogre mage
  1348 | D        | Noticed a red very ugly thing
  1352 | D        | Killed a centaur warrior
  1352 | D        | Reached skill level 15 in Dodging
  1365 | D        | Noticed a great orb of eyes
  1370 | D        | Killed a red very ugly thing
  1410 | D        | Killed a great orb of eyes
  1430 | D        | Noticed a fire giant
  1431 | D        | Noticed a spark wasp
  1445 | D        | Killed a fire giant
  1449 | D        | Killed a spark wasp
  1598 | D        | Noticed an anaconda
  1638 | D        | Killed an anaconda
  1664 | D        | Reached XP level 13. HP: 77/136 MP: 16/21
  1691 | D        | Bought the ring of Rufouco {rN+ Int+2 Slay+6 Stlth-} for 769 gold pieces
  1691 | D        | Bought a +4 ring of strength for 432 gold pieces
  1702 | D        | Noticed an entropy weaver
  1702 | D        | Noticed an emperor scorpion
  1707 | D        | Noticed an emperor scorpion
  1716 | D        | Killed an emperor scorpion
  1735 | D        | HP: 1/136 [entropy weaver (8)]
  1735 | D        | Slain by an entropy weaver

Skill      XL: |  1  2  3  4  5  6  7  8  9 10 11 12 |
---------------+-------------------------------------+-----
Fighting       | 3 4 5 6 8 9 10 11 12 14 | 14.5
Dodging        | 2 4 6 8 9 11 12 14 16 | 16.5
Axes           | 3 5 6 9 10 11 13 14 16 | 16.7
Armour         | 4 5 6 7 9 10 12 13 15 16 | 16.9
Spellcasting   | 1 3 4 6 7 8 10 11 13 | 13.2
Shields        | |  3.2

Action                   |  1- 3 |  4- 6 |  7- 9 | 10-12 | 13-15 || total
-------------------------+-------+-------+-------+-------+-------++-------
Melee: War axe           |    29 |     5 |       |       |       ||    34
       Broad axe         |       |    23 |    14 |       |       ||    37
       Battleaxe         |       |       |    75 |   258 |       ||   333
       Kick              |       |       |    25 |    13 |       ||    38
       Executioner's axe |       |       |       |   150 |    27 ||   177
Invok: Call Merchant     |       |       |     2 |     5 |     1 ||     8
 Abil: Heal Wounds       |     1 |       |    10 |    25 |     7 ||    43
  Use: Potion            |     1 |     2 |     2 |     7 |     1 ||    13
 Stab: Distracted        |       |       |     5 |     4 |       ||     9
  Eat: Bread ration      |       |       |     1 |       |       ||     1
       Meat ration       |       |       |       |     2 |       ||     2
Armor: Scale mail        |     7 |       |       |       |       ||     7
       Chain mail        |       |     6 |    53 |    56 |       ||   115
       Ring mail         |       |       |       |   105 |    15 ||   120
Dodge: Dodged            |     9 |    18 |    72 |   317 |    43 ||   459
